 Dungeon Crawl Stone Soup version 0.30-a0-341-g682706514a (webtiles) character file.

Game seed: 2217421553596015148

92 Muataran the Chopper (level 4, 0/40 HPs)
             Began as a Hill Orc Fighter on Nov 1, 2022.
             Slain by an orc
             ... wielding a +0 hand axe
              (5 damage)
             ... on level 3 of the Dungeon.
             The game lasted 00:01:48 (792 turns).

Muataran the Chopper (Hill Orc Fighter)              Turns: 792, Time: 00:01:48

Health: 0/40       AC:  7    Str: 18    XL:     4   Next: 60%
Magic:  4/4        EV:  9    Int: 10    God:
Gold:   977        SH:  5    Dex: 10    Spells: 3/3 levels left

rFire   . . .      SeeInvis .    a - +1 war axe
rCold   . . .      Faith    .    c - +1 buckler
rNeg    . . .      Spirit   .    b - +0 scale mail
rPois   .          Reflect  .    (no helmet)
rElec   .          Harm     .    (no cloak)
rCorr   .          Rampage  .    (no gloves)
Will    .....                    (no boots)
Stlth   ..........               (no amulet)
HPRegen 0.26/turn                (no ring)
MPRegen 0.09/turn                (no ring)

@: mighty
A: no striking features
a: Convert to Beogh


You were on level 3 of the Dungeon.
You visited 1 branch of the dungeon, and saw 3 of its levels.

You collected 977 gold pieces.

Inventory:

Hand Weapons
 a - a +1 war axe (weapon)
Armour
 b - a +0 scale mail (worn)
 c - a +1 buckler (worn)
Jewellery
 e - an amulet of the acrobat
Scrolls
 l - 2 scrolls of enchant armour
Potions
 f - a potion of attraction {unknown}
 j - a potion of invisibility {unknown}
 k - 2 potions of flight
 m - a potion of mutation


   Skills:
 + Level 4.3 Fighting
 * Level 4.4 Axes
 + Level 3.9 Armour
 + Level 3.8 Shields


You had 3 spell levels left.
You didn't know any spells.
Your spell library contained the following spells:

 Spells                   Type           Power      Damage    Failure   Level
 Slow                     Hex            0%         N/A       83%         1
 Confusing Touch          Hex            0%         N/A       99%         3
 Vampiric Draining        Necr           0%         2d6       99%         3


Dungeon Overview and Level Annotations

Branches:
Dungeon (3/15)

Altars:
Kikubaaqudgha
Uskayaw


Message History

The orc hits you but does no damage. The orc priest barely misses you.
You hit the orc priest.
The orc priest is moderately wounded.
You hit the orc. The orc closely misses you. You block the orc priest's attack.
The orc priest hits you with a +0 mace. The orc closely misses you.
You closely miss the orc priest.
The orc priest shouts, "Join the one true god or die!"
The orc priest is moderately wounded.
The orc priest threatens, "By the altar or by the axe, you will meet Beogh!"
You hit the orc.
The orc priest shouts, "Join the one true god or die!"
The orc priest hits you with a +0 mace.
The orc priest calls down the wrath of Beogh upon you.
Beogh smites you!
* * * LOW HITPOINT WARNING * * *
The orc hits you with a +0 hand axe.
* * * LOW HITPOINT WARNING * * *
You feel very mighty all of a sudden. The orc hits you but does no damage.
The orc priest calls upon Beogh to heal the orc.
The orc is healed somewhat.
You closely miss the orc.
The orc is lightly wounded.
You slash the orc priest!
You kill the orc priest!
The orc priest looks braver for a moment.
The orc misses you.
Unknown command.
You closely miss the orc.
The orc is lightly wounded.
The orc priest mumbles some strange prayers to Beogh against you.
Pain shoots through your body!
* * * LOW HITPOINT WARNING * * *
The orc hits you with a +0 hand axe.
* * * LOW HITPOINT WARNING * * *
You barely miss the orc.
The orc is lightly wounded.
You block the orc's attack. The orc priest barely misses you.
The orc hits you with a +0 hand axe.
You die...

.................
#.......#.#..).. ##
##......#.#..... o.
###...##.#>.... # #.
#.......+..... #.###.
#...###.#..... .....
#.#..........†
#..#####.######.....#
#..o@....##..##.....
#.##o..†##....#.....
# #....##.⌠._#.....#
#....#.....###..#.
#....#....## ##...
####.'...⌠# #..
###....## #.. #.....#
#.. ##.⌠._#


You could see an orc priest and an orc.

Vanquished Creatures
  An orc priest (D:3)
  Natasha (D:2)
  An adder (D:2)
  A dart slug (D:1)
  2 orcs (D:3)
  4 endoplasms
  A goblin (D:2)
  4 hobgoblins
  A kobold (D:1)
  A quokka (D:3)
  3 ball pythons
  2 bats (D:1)
  2 frilled lizards
24 creatures vanquished.

Notes
Turn   | Place    | Note
-------+----------+-------------------------------------------
     0 | D:1      | Muataran the Hill Orc Fighter began the quest for the Orb.
     0 | D:1      | Reached XP level 1. HP: 19/19 MP: 1/1
   117 | D:1      | Reached XP level 2. HP: 27/27 MP: 2/2
   129 | D:1      | Found a faded altar of an unknown god.
   423 | D:2      | Reached XP level 3. HP: 29/33 MP: 3/3
   545 | D:2      | Noticed Natasha
   552 | D:2      | Killed Natasha
   683 | D:3      | Identified a scroll of acquirement
   683 | D:3      | Acquired 870 gold pieces
   751 | D:3      | Reached XP level 4. HP: 40/40 MP: 4/4
   755 | D:3      | Found an ancient bone altar of Kikubaaqudgha.
   756 | D:3      | Found a hide-covered altar of Uskayaw.
   792 | D:3      | Slain by an orc

Illustrated notes

Levels and vault maps discovered:
D:1:      lightli_iron_boxes, layout_basic, ebering_ecumenical_altar_hall
D:2:      layout_loops_corners, uniq_natasha
D:3:      layout_basic, kennysheep_slug_shrine, gammafunk_temple_overflow_pools,
          grunt_decor_one_mirror

Skill      XL: |  1  2  3 |
---------------+----------+-----
Axes           | 3 4 |  4.4
Fighting       | 4 |  4.3
Armour         | |  3.9
Shields        | |  3.8

Action                   |  1- 3 |  4- 6 || total
-------------------------+-------+-------++-------
Melee: War axe           |    77 |    15 ||    92
  Use: Scroll            |     9 |       ||     9
       Potion            |       |     1 ||     1
Armor: Scale mail        |    33 |     8 ||    41
Dodge: Dodged            |    40 |     7 ||    47
Block: Buckler           |    16 |     6 ||    22

Table legend: (Time is in decaauts)
 A = Elapsed time spent in this place.
 B = Non-inter-level travel time spent in this place.
 C = Inter-level travel time spent in this place.
 D = Time resting spent in this place.
 E = Time spent auto-exploring this place.
 F = Levels seen in this place.
 G = Mean time per level.
                   A        B        C        D        E       F      G
               +--------+--------+--------+--------+--------+-----+--------+
         Total |    825 |    783 |     42 |      2 |    545 |   3 |  275.0 |
       Dungeon |    825 |    783 |     42 |      2 |    545 |   3 |  275.0 |
               +--------+--------+--------+--------+--------+-----+--------+

Top non-repeatable levels by time:
     D:1: 370 daAuts
     D:2: 232 daAuts
     D:3: 222 daAuts
